TOP OF THE 1ST |
Salem Red Sox batting - Pitching for Inland Empire 66ers : RHP Getachew El Sayed
|
Pitching: RHP Getachew El Sayed
|
|
Batting: LHB Eric Gaugler
|
0-0: Foul Ball, location: 5F 0-1: Called Strike 0-2: Foul Ball, location: 25FF 0-2: Ball 1-2: Strikes out looking
|
Batting: LHB Eddie Noon
|
0-0: Ball 1-0: Called Strike 1-1: Swinging Strike 1-2: Strikes out swinging
|
Batting: RHB Willie Camacho
|
0-0: Called Strike 0-1: Ball 1-1: Fly out, F8 (Flyball, 89D, EV 103.1 MPH)
|
Top of the 1st over - 0 runs, 0 hits, 0 errors, 0 left on base; Salem 0 - Inland Empire 0 |
BOTTOM OF THE 1ST |
Inland Empire 66ers batting - Pitching for Salem Red Sox : RHP Dan Jenkins
|
Pitching: RHP Dan Jenkins
|
|
Batting: SHB David Vigo
|
0-0: Ball 1-0: DOUBLE (Line Drive, 89D, EV 110.6 MPH)
|
Batting: RHB Steve Neely
|
0-0: Ball 1-0: Called Strike 1-1: Ground out 5-3 (Groundball, 56, EV 87.5 MPH)
|
Batting: RHB Juan Montez
|
0-0: Ball 1-0: Called Strike 1-1: Ball 2-1: Foul Ball, location: 3SF 2-2: Ball 3-2: Ground out 4-3 (Groundball, 4, EV 91.9 MPH) David Vigo to third
|
Batting: LHB Ramon Garduno
|
0-0: Swinging Strike 0-1: Swinging Strike 0-2: Strikes out swinging
|
Bottom of the 1st over - 0 runs, 1 hit, 0 errors, 1 left on base; Salem 0 - Inland Empire 0 |
TOP OF THE 2ND |
Salem Red Sox batting - Pitching for Inland Empire 66ers : RHP Getachew El Sayed
|
Batting: LHB Joe Martens
|
0-0: Swinging Strike 0-1: Ball 1-1: Foul Ball, location: 3F 1-2: Strikes out swinging
|
Batting: RHB Felix Rangel
|
0-0: Foul Ball, location: 5F 0-1: Swinging Strike 0-2: Ball 1-2: Strikes out swinging
|
Batting: LHB Alexis Toxqui
|
0-0: Called Strike 0-1: Foul Ball, location: 2F 0-2: Strikes out swinging
|
Top of the 2nd over - 0 runs, 0 hits, 0 errors, 0 left on base; Salem 0 - Inland Empire 0 |
BOTTOM OF THE 2ND |
Inland Empire 66ers batting - Pitching for Salem Red Sox : RHP Dan Jenkins
|
Batting: RHB Fred Saxton
|
0-0: Ball 1-0: Ball 2-0: Called Strike 2-1: Fly out, F9 (Flyball, 9D, EV 111.9 MPH)
|
Batting: LHB Pavla Markianov
|
0-0: Foul Ball, location: 2F 0-1: Swinging Strike 0-2: Ball 1-2: Fly out, F9 (Flyball, 9LD, EV 92.5 MPH)
|
Batting: LHB David Coatney
|
0-0: Ball 1-0: Ball 2-0: Called Strike 2-1: Foul Ball, location: 23F 2-2: Ground out 6-3 (Groundball, 6S, EV 63.1 MPH)
|
Bottom of the 2nd over - 0 runs, 0 hits, 0 errors, 0 left on base; Salem 0 - Inland Empire 0 |
TOP OF THE 3RD |
Salem Red Sox batting - Pitching for Inland Empire 66ers : RHP Getachew El Sayed
|
Batting: SHB Mel Gonzalez
|
0-0: Ball 1-0: Called Strike 1-1: Ball 2-1: Foul Ball, location: 5F 2-2: Ball 3-2: Base on Balls
|
Batting: LHB Makoto Shimazu
|
0-0: Bunt - Flyout to 13! F1
|
Batting: LHB Darby Starburster
|
0-0: Foul Ball, location: 2RF 0-1: Ball 1-1: Ball 2-1: Foul Ball, location: 9LDF 2-2: Strikes out looking
|
Batting: LHB Eric Gaugler
|
0-0: Foul Ball, location: 23F 0-1: Swinging Strike 0-2: Foul Ball, location: 25F 0-2: Ball 1-2: Strikes out swinging
|
Top of the 3rd over - 0 runs, 0 hits, 0 errors, 1 left on base; Salem 0 - Inland Empire 0 |
BOTTOM OF THE 3RD |
Inland Empire 66ers batting - Pitching for Salem Red Sox : RHP Dan Jenkins
|
Batting: RHB Carlos Gonzales
|
0-0: Ball 1-0: Called Strike 1-1: Fly out, F7 (Line Drive, 7S, EV 98.1 MPH)
|
Batting: RHB Mario Martinez
|
0-0: Ball 1-0: Foul Ball, location: 7LSF 1-1: Ball 2-1: Foul Ball, location: 23FF 2-2: Strikes out looking
|
Batting: SHB David Vigo
|
0-0: Ball 1-0: Swinging Strike 1-1: Swinging Strike 1-2: Ball 2-2: Ball 3-2: Foul Ball, location: 3F 3-2: Strikes out swinging
|
Bottom of the 3rd over - 0 runs, 0 hits, 0 errors, 0 left on base; Salem 0 - Inland Empire 0 |
TOP OF THE 4TH |
Salem Red Sox batting - Pitching for Inland Empire 66ers : RHP Getachew El Sayed
|
Batting: LHB Eddie Noon
|
0-0: Ball 1-0: Ball 2-0: Foul Ball, location: 25FF 2-1: Called Strike 2-2: Strikes out swinging
|
Batting: RHB Willie Camacho
|
0-0: Swinging Strike 0-1: Ball 1-1: Swinging Strike 1-2: Ball 2-2: Strikes out swinging
|
Batting: LHB Joe Martens
|
0-0: Called Strike 0-1: Called Strike 0-2: Strikes out swinging
|
Top of the 4th over - 0 runs, 0 hits, 0 errors, 0 left on base; Salem 0 - Inland Empire 0 |
BOTTOM OF THE 4TH |
Inland Empire 66ers batting - Pitching for Salem Red Sox : RHP Dan Jenkins
|
Batting: RHB Steve Neely
|
0-0: Ball 1-0: SINGLE (Line Drive, 56D, EV 101.9 MPH)
|
Batting: RHB Juan Montez
|
0-0: Ball 1-0: Called Strike 1-1: Ball 2-1: 2-RUN HOME RUN (Flyball, 7D, EV 96.3 MPH), Distance : 387 ft
|
Batting: LHB Ramon Garduno
|
0-0: Called Strike 0-1: Called Strike 0-2: Foul Ball, location: 2F 0-2: Ball 1-2: Fly out, F8 (Flyball, 8LD, EV 100.0 MPH)
|
Batting: RHB Fred Saxton
|
0-0: Ball 1-0: Ball 2-0: Ball 3-0: Base on Balls
|
Batting: LHB Pavla Markianov
|
0-0: Called Strike Fred Saxton is caught stealing 2nd base 2-6 0-1: Ball 1-1: Ball 2-1: Swinging Strike 2-2: Foul Ball, location: 3F 2-2: Foul Ball, location: 2F 2-2: Strikes out swinging
|
Bottom of the 4th over - 2 runs, 2 hits, 0 errors, 0 left on base; Salem 0 - Inland Empire 2 |
TOP OF THE 5TH |
Salem Red Sox batting - Pitching for Inland Empire 66ers : RHP Getachew El Sayed
|
Batting: RHB Felix Rangel
|
0-0: Swinging Strike 0-1: Foul Ball, location: 5SF 0-2: Ball 1-2: Foul Ball, location: 9LMF 1-2: Strikes out looking
|
Batting: LHB Alexis Toxqui
|
0-0: Ball 1-0: Foul Ball, location: 2F 1-1: Foul Ball, location: 25F 1-2: Foul Ball, location: 2F 1-2: Strikes out swinging
|
Batting: SHB Mel Gonzalez
|
0-0: Ball 1-0: Ball 2-0: Foul Ball, location: 2F 2-1: Ball 3-1: Foul Ball, location: 2F 3-2: Strikes out looking
|
Top of the 5th over - 0 runs, 0 hits, 0 errors, 0 left on base; Salem 0 - Inland Empire 2 |
BOTTOM OF THE 5TH |
Inland Empire 66ers batting - Pitching for Salem Red Sox : RHP Dan Jenkins
|
Batting: LHB David Coatney
|
0-0: Ball 1-0: Foul Ball, location: 2F 1-1: Ball 2-1: Ball 3-1: Foul Ball, location: 5F 3-2: SINGLE (Groundball, 6MD, EV 103.8 MPH)
|
Batting: RHB Carlos Gonzales
|
0-0: Foul Ball, location: 7LDF 0-1: Called Strike David Coatney is caught stealing 2nd base 2-4 0-2: Strikes out swinging
|
Batting: RHB Mario Martinez
|
0-0: Ball 1-0: Called Strike 1-1: Ball 2-1: Swinging Strike 2-2: Strikes out swinging
|
Bottom of the 5th over - 0 runs, 1 hit, 0 errors, 0 left on base; Salem 0 - Inland Empire 2 |
TOP OF THE 6TH |
Salem Red Sox batting - Pitching for Inland Empire 66ers : RHP Getachew El Sayed
|
Batting: LHB Makoto Shimazu
|
0-0: Swinging Strike 0-1: Foul Ball, location: 2F 0-2: Foul Ball, location: 5F 0-2: Ball 1-2: Foul Ball, location: 2F 1-2: Strikes out looking
|
Pitching: LHP Troy Trombino
|
|
Pinch Hitting: RHB Bakhtiar Asadov
|
0-0: Foul Ball, location: 7LMF 0-1: Called Strike 0-2: Ground out 5-3 (Groundball, 15, EV 79.4 MPH)
|
Pinch Hitting: RHB Kirk Cully
|
0-0: Called Strike 0-1: DOUBLE (Line Drive, 8RD, EV 107.5 MPH)
|
Pinch Hitting: RHB Chris Zubia
|
0-0: Swinging Strike 0-1: Called Strike 0-2: Ground out 5-3 (Groundball, 56, EV 102.5 MPH)
|
Top of the 6th over - 0 runs, 1 hit, 0 errors, 1 left on base; Salem 0 - Inland Empire 2 |
BOTTOM OF THE 6TH |
Inland Empire 66ers batting - Pitching for Salem Red Sox : RHP Dan Jenkins
|
Now at 1B: Felix Rangel
|
|
Now at 3B: Chris Zubia
|
|
Now in LF: Bob Reichley
|
|
Now in CF: Alexis Toxqui
|
|
Now in RF: Kirk Cully
|
|
Batting: SHB David Vigo
|
0-0: Fly out, F8 (Flyball, 78M, EV 90.0 MPH)
|
Batting: RHB Steve Neely
|
0-0: Called Strike 0-1: Swinging Strike 0-2: Foul Ball, location: 2F 0-2: Ball 1-2: Foul Ball, location: 2F 1-2: Strikes out swinging
|
Batting: RHB Juan Montez
|
0-0: Foul Ball, location: 9LSF 0-1: Swinging Strike 0-2: Strikes out swinging
|
Bottom of the 6th over - 0 runs, 0 hits, 0 errors, 0 left on base; Salem 0 - Inland Empire 2 |
TOP OF THE 7TH |
Salem Red Sox batting - Pitching for Inland Empire 66ers : LHP Troy Trombino
|
Batting: RHB Willie Camacho
|
0-0: Swinging Strike 0-1: SINGLE (Line Drive, 7LS, EV 96.9 MPH)
|
Batting: RHB Ryan Davis
|
0-0: Called Strike 0-1: Foul Ball, location: 23FF 0-2: Ball 1-2: Fly out, F7 (Flyball, 7D, EV 92.5 MPH)
|
Batting: RHB Felix Rangel
|
0-0: Called Strike 0-1: Foul Ball, location: 2F 0-2: Ball 1-2: Ball 2-2: Ball 3-2: Foul Ball, location: 23FF 3-2: Base on Balls Willie Camacho to second
|
Pinch Hitting: RHB Miguel Villanueva
|
0-0: Ball 1-0: Foul Ball, location: 2F 1-1: Ball 2-1: Ball 3-1: Base on Balls Willie Camacho to third Felix Rangel to second
|
Batting: SHB Mel Gonzalez
|
0-0: Called Strike 0-1: Called Strike 0-2: Ball 1-2: Strikes out swinging
|
Pinch Hitting: RHB Luis Nino
|
0-0: Called Strike 0-1: DOUBLE (Groundball, 5L, EV 106.3 MPH) Willie Camacho scores Felix Rangel scores Miguel Villanueva to third
|
Batting: RHB Bob Reichley
|
0-0: Called Strike 0-1: SINGLE (Groundball, 6MS, EV 73.8 MPH) (infield hit) Miguel Villanueva scores Luis Nino to third
|
Pitching: LHP Lee Wendt
|
|
Batting: RHB Kirk Cully
|
0-0: Ball 1-0: Ball 2-0: Ball 3-0: Called Strike 3-1: Base on Balls Bob Reichley to second
|
Batting: RHB Chris Zubia
|
0-0: Foul Ball, location: 9LDF 0-1: Ball 1-1: Ball 2-1: Ball 3-1: Fielders Choice at 3rd, U5 (Groundball, 5, EV 108.8 MPH)
|
Top of the 7th over - 3 runs, 3 hits, 0 errors, 2 left on base; Salem 3 - Inland Empire 2 |
BOTTOM OF THE 7TH |
Inland Empire 66ers batting - Pitching for Salem Red Sox : RHP Dan Jenkins
|
Pitching: LHP Nick Barnes
|
|
Now at SS: Luis Nino
|
|
Now in CF: Miguel Villanueva
|
|
Batting: LHB Ramon Garduno
|
0-0: SOLO HOME RUN (Flyball, 7D, EV 98.8 MPH), Distance : 390 ft
|
Batting: RHB Fred Saxton
|
0-0: Called Strike 0-1: Foul Ball, location: 7LMF 0-2: Ball 1-2: Foul Ball, location: 7LSF 1-2: Ball 2-2: Strikes out looking
|
Batting: LHB Pavla Markianov
|
0-0: Foul Ball, location: 2F 0-1: Ball 1-1: Ball 2-1: Hit by Pitch
|
Pinch Hitting: RHB Rory Cobb
|
0-0: Foul Ball, location: 7LSF 0-1: Called Strike 0-2: Ground out 5-3 (Groundball, 56S, EV 83.1 MPH) Pavla Markianov to second
|
Batting: RHB Carlos Gonzales
|
0-0: Ball 1-0: Fly out, F9 (Line Drive, 89M, EV 93.1 MPH)
|
Bottom of the 7th over - 1 run, 1 hit, 0 errors, 1 left on base; Salem 3 - Inland Empire 3 |
TOP OF THE 8TH |
Salem Red Sox batting - Pitching for Inland Empire 66ers : LHP Lee Wendt
|
Now in RF: Rory Cobb
|
|
Batting: RHB Willie Camacho
|
0-0: Ground out U3 (Groundball, 34, EV 84.4 MPH)
|
Batting: RHB Ryan Davis
|
0-0: Swinging Strike 0-1: Called Strike 0-2: Strikes out looking
|
Batting: RHB Felix Rangel
|
0-0: Ball 1-0: Called Strike 1-1: Ball 2-1: Ball 3-1: Ground out 6-3 (Groundball, 6, EV 84.4 MPH)
|
Top of the 8th over - 0 runs, 0 hits, 0 errors, 0 left on base; Salem 3 - Inland Empire 3 |
BOTTOM OF THE 8TH |
Inland Empire 66ers batting - Pitching for Salem Red Sox : LHP Nick Barnes
|
Batting: RHB Mario Martinez
|
0-0: Ball 1-0: Called Strike 1-1: Swinging Strike 1-2: Strikes out looking
|
Batting: SHB David Vigo
|
0-0: Swinging Strike 0-1: Ball 1-1: Foul Ball, location: 3DF 1-2: Ball 2-2: Foul Ball, location: 25F 2-2: Foul Ball, location: 7LMF 2-2: Ball 3-2: Base on Balls
|
Batting: RHB Steve Neely
|
0-0: Reached on error, E3 (Groundball, 3S, EV 0.0 MPH) David Vigo to second
|
Batting: RHB Juan Montez
|
0-0: Ball 1-0: Ball 2-0: Called Strike 2-1: Foul Ball, location: 25F 2-2: Foul Ball, location: 3DF 2-2: Foul Ball, location: 9LMF 2-2: Ball 3-2: 3-RUN HOME RUN (Flyball, 7D, EV 100.6 MPH), Distance : 384 ft
|
Pitching: RHP Tyler Tomblin
|
|
Batting: LHB Ramon Garduno
|
0-0: Ball 1-0: Called Strike 1-1: Ball 2-1: Swinging Strike 2-2: Foul Ball, location: 25F 2-2: Ball 3-2: Foul Ball, location: 2F 3-2: Foul Ball, location: 2F 3-2: Foul Ball, location: 7LSF 3-2: Foul Ball, location: 2F 3-2: Fly out, F8 (Flyball, 8RM, EV 97.5 MPH)
|
Batting: RHB Fred Saxton
|
0-0: Ball 1-0: SOLO HOME RUN (Flyball, 9D, EV 98.8 MPH), Distance : 395 ft
|
Batting: LHB Pavla Markianov
|
0-0: Ball 1-0: Called Strike 1-1: Swinging Strike 1-2: Foul Ball, location: 5FF 1-2: Ball 2-2: Ball 3-2: Ground out 5-3 (Groundball, 5S, EV 76.3 MPH)
|
Bottom of the 8th over - 4 runs, 2 hits, 1 error, 0 left on base; Salem 3 - Inland Empire 7 |
TOP OF THE 9TH |
Salem Red Sox batting - Pitching for Inland Empire 66ers : LHP Lee Wendt
|
Batting: RHB Miguel Villanueva
|
0-0: Called Strike 0-1: Foul Ball, location: 2F 0-2: Ball 1-2: Foul Ball, location: 2F 1-2: TRIPLE (Line Drive, 89XD, EV 104.4 MPH)
|
Pinch Hitting: RHB Mo Tsang
|
0-0: Foul Ball, location: 2F 0-1: Ground out 6-3 (Groundball, 6, EV 106.3 MPH)
|
Batting: RHB Luis Nino
|
0-0: Called Strike 0-1: Called Strike 0-2: Ball 1-2: Ball 2-2: Ball 3-2: Base on Balls
|
Pitching: RHP Hector Agudelo
|
|
Batting: RHB Bob Reichley
|
0-0: Ball 1-0: Swinging Strike 1-1: Swinging Strike 1-2: Strikes out swinging
|
Batting: RHB Kirk Cully
|
0-0: Ball 1-0: Ball 2-0: Ball 3-0: Called Strike 3-1: Foul Ball, location: 23F 3-2: Foul Ball, location: 9LMF 3-2: Strikes out swinging
|
Top of the 9th over - 0 runs, 1 hit, 0 errors, 2 left on base; Salem 3 - Inland Empire 7 |
|